| TOP OF THE 1ST |
|
Hickory Crawdads batting - Pitching for Charleston RiverDogs : RHP Mike Pickens
|
|
Pitching: RHP Mike Pickens
|
|
|
Batting: RHB Aaron Moore
|
0-0: Called Strike 0-1: SINGLE (Line Drive, 89S, EV 105.6 MPH)
|
|
Batting: LHB Brian Gray
|
0-0: Called Strike Aaron Moore steals 2nd base 0-1: Called Strike Aaron Moore steals 3rd base 0-2: Ground out 1-3 (Groundball, 34S, EV 68.8 MPH)
|
|
Batting: RHB Matthew Starr
|
0-0: Ball 1-0: Ball 2-0: Ball 3-0: Called Strike 3-1: Base on Balls
|
|
Batting: SHB Todd Hewitt
|
0-0: Swinging Strike 0-1: Ball 1-1: Called Strike 1-2: Strikes out swinging
|
|
Batting: RHB Jarrod Joyce
|
0-0: Ball 1-0: Ball 2-0: Swinging Strike 2-1: Fly out, F8 (Flyball, 8LXD, EV 102.5 MPH)
|
| Top of the 1st over - 0 runs, 1 hit, 0 errors, 2 left on base; Hickory 0 - Charleston 0 |
| BOTTOM OF THE 1ST |
|
Charleston RiverDogs batting - Pitching for Hickory Crawdads : RHP Alexander Neustroev
|
|
Pitching: RHP Alexander Neustroev
|
|
|
Batting: LHB Justin O'Neal
|
0-0: Called Strike 0-1: Foul Ball, location: 2F 0-2: Ball 1-2: SINGLE (Groundball, 6MD, EV 105.6 MPH)
|
|
Batting: SHB Corey Penson
|
0-0: Called Strike Pickoff Play to 1st, Runner tries for 2nd, OUT after rundown. 0-1: Ball 1-1: Foul Ball, location: 2F 1-2: Foul Ball, location: 2F 1-2: Strikes out swinging
|
|
Batting: LHB Steve LeGrand
|
0-0: Called Strike 0-1: SINGLE (Line Drive, 56D, EV 93.8 MPH)
|
|
Batting: LHB Dale Anderson
|
0-0: Ball 1-0: Called Strike 1-1: Called Strike 1-2: Strikes out swinging
|
| Bottom of the 1st over - 0 runs, 2 hits, 0 errors, 1 left on base; Hickory 0 - Charleston 0 |
| TOP OF THE 2ND |
|
Hickory Crawdads batting - Pitching for Charleston RiverDogs : RHP Mike Pickens
|
|
Batting: LHB Lee Gerken
|
0-0: Ball 1-0: Ball 2-0: Fly out, F8 (Flyball, 78S, EV 87.5 MPH)
|
|
Batting: LHB Caleb Domino
|
0-0: Foul Ball, location: 2F 0-1: Swinging Strike 0-2: Foul Ball, location: 2F 0-2: Foul Ball, location: 2F 0-2: Strikes out swinging
|
|
Batting: RHB Zach Thomason
|
0-0: Ball 1-0: Ball 2-0: Ball 3-0: Called Strike 3-1: Foul Ball, location: 2F 3-2: Strikes out swinging
|
| Top of the 2nd over - 0 runs, 0 hits, 0 errors, 0 left on base; Hickory 0 - Charleston 0 |
| BOTTOM OF THE 2ND |
|
Charleston RiverDogs batting - Pitching for Hickory Crawdads : RHP Alexander Neustroev
|
|
Batting: RHB Jonathan Iniguez
|
0-0: SINGLE (Groundball, 5S, EV 64.4 MPH) (infield hit)
|
|
Batting: RHB Bill Nguyen-Tan
|
Balk! Jonathan Iniguez to second 0-0: Called Strike 0-1: Ball 1-1: Swinging Strike 1-2: Fly out, F7 (Flyball, 78S, EV 86.9 MPH)
|
|
Batting: RHB Mike Zern
|
0-0: Foul Ball, location: 2F 0-1: Ball 1-1: Foul Ball, location: 2F 1-2: Ball 2-2: Fly out, F7 (Flyball, 7LM, EV 85.0 MPH)
|
|
Batting: RHB Nate Singleton
|
0-0: Ground out U3 (Groundball, 34, EV 99.4 MPH)
|
| Bottom of the 2nd over - 0 runs, 1 hit, 0 errors, 1 left on base; Hickory 0 - Charleston 0 |
| TOP OF THE 3RD |
|
Hickory Crawdads batting - Pitching for Charleston RiverDogs : RHP Mike Pickens
|
|
Batting: RHB Dave Brabo
|
0-0: Ball 1-0: Called Strike 1-1: Ball 2-1: Foul Ball, location: 2F 2-2: Ground out 5-3 (Groundball, 5L, EV 83.8 MPH)
|
|
Batting: RHB Aaron Moore
|
0-0: Called Strike 0-1: Ball 1-1: Ball 2-1: Ball 3-1: Swinging Strike 3-2: Foul Ball, location: 2F 3-2: SINGLE (Line Drive, 9S, EV 102.5 MPH)
|
|
Batting: LHB Brian Gray
|
0-0: Called Strike 0-1: Fly out, F8 (Line Drive, 8LS, EV 93.8 MPH)
|
|
Batting: RHB Matthew Starr
|
0-0: Called Strike Aaron Moore is caught stealing 2nd base 2-4
|
| Top of the 3rd over - 0 runs, 1 hit, 0 errors, 0 left on base; Hickory 0 - Charleston 0 |
| BOTTOM OF THE 3RD |
|
Charleston RiverDogs batting - Pitching for Hickory Crawdads : RHP Alexander Neustroev
|
|
Batting: RHB Bobby White
|
0-0: Fly out, F6 (Popup, 6MD, EV 57.5 MPH)
|
|
Batting: LHB Justin O'Neal
|
0-0: Ball 1-0: SINGLE (Flyball, 8RS, EV 98.1 MPH)
|
|
Batting: SHB Corey Penson
|
0-0: Called Strike 0-1: Foul Ball, location: 2F 0-2: TRIPLE (Flyball, 89XD, EV 101.9 MPH) Justin O'Neal scores
|
|
Batting: LHB Steve LeGrand
|
0-0: Foul Ball, location: 2F 0-1: Foul Ball, location: 2F 0-2: Ball 1-2: Strikes out swinging
|
|
Batting: LHB Dale Anderson
|
0-0: Ball 1-0: Foul Ball, location: 2F 1-1: Foul Ball, location: 2F 1-2: Ball Wild Pitch! Corey Penson scores 2-2: SINGLE (Groundball, 6D, EV 95.0 MPH)
|
|
Batting: RHB Jonathan Iniguez
|
0-0: Called Strike 0-1: Foul Ball, location: 2F 0-2: Ground out 4-3 (Groundball, 34, EV 104.4 MPH)
|
| Bottom of the 3rd over - 2 runs, 3 hits, 0 errors, 1 left on base; Hickory 0 - Charleston 2 |
| TOP OF THE 4TH |
|
Hickory Crawdads batting - Pitching for Charleston RiverDogs : RHP Mike Pickens
|
|
Batting: RHB Matthew Starr
|
0-0: Swinging Strike 0-1: Ball 1-1: Fly out, F8 (Flyball, 8RD, EV 105.0 MPH)
|
|
Batting: SHB Todd Hewitt
|
0-0: Ball 1-0: Ball 2-0: Ball 3-0: Base on Balls
|
|
Batting: RHB Jarrod Joyce
|
0-0: Ball 1-0: Ball 2-0: Called Strike 2-1: Foul Ball, location: 2F 2-2: Foul Ball, location: 2F 2-2: SINGLE (Groundball, 6D, EV 103.8 MPH) Todd Hewitt to second
|
|
Batting: LHB Lee Gerken
|
0-0: Ball Todd Hewitt steals 3rd, throwing error, E2 Todd Hewitt scores Jarrod Joyce to third 1-0: Ball 2-0: Foul Ball, location: 2F 2-1: Swinging Strike 2-2: Ball 3-2: Foul Ball, location: 2F 3-2: Base on Balls
|
|
Batting: LHB Caleb Domino
|
0-0: Called Strike 0-1: Ball 1-1: 3-RUN HOME RUN (Flyball, 9LD, EV 96.9 MPH), Distance : 344 ft
|
|
Batting: RHB Zach Thomason
|
0-0: Ball 1-0: Foul Ball, location: 2F 1-1: Ball 2-1: Reached on error, E5 (Groundball, 5L, EV 109.4 MPH)
|
|
Batting: RHB Dave Brabo
|
0-0: Called Strike 0-1: Called Strike 0-2: Ground out 6-3 (Groundball, 56, EV 97.5 MPH)
|
|
Batting: RHB Aaron Moore
|
0-0: Called Strike 0-1: Foul Ball, location: 2F 0-2: Ball 1-2: Strikes out looking
|
| Top of the 4th over - 4 runs, 2 hits, 2 errors, 1 left on base; Hickory 4 - Charleston 2 |
| BOTTOM OF THE 4TH |
|
Charleston RiverDogs batting - Pitching for Hickory Crawdads : RHP Alexander Neustroev
|
|
Batting: RHB Bill Nguyen-Tan
|
0-0: Called Strike 0-1: Reached on error, E5 (Groundball, 56, EV 88.1 MPH)
|
|
Batting: RHB Mike Zern
|
0-0: Fly out, F8 (Flyball, 89M, EV 98.8 MPH)
|
|
Batting: RHB Nate Singleton
|
0-0: Ball 1-0: Called Strike 1-1: Foul Ball, location: 2F 1-2: Ball 2-2: SINGLE (Groundball, 34D, EV 104.4 MPH) Bill Nguyen-Tan to third Runner from 3rd tries for Home, SAFE, throw by RF to home
|
|
Batting: RHB Bobby White
|
0-0: 2-RUN HOME RUN (Flyball, 78XD, EV 113.8 MPH), Distance : 443 ft
|
|
Batting: LHB Justin O'Neal
|
0-0: Ball 1-0: Called Strike 1-1: Called Strike 1-2: Strikes out swinging
|
|
Batting: SHB Corey Penson
|
0-0: Called Strike 0-1: Ball 1-1: Fly out, F8 (Flyball, 8LM, EV 77.5 MPH)
|
| Bottom of the 4th over - 3 runs, 2 hits, 1 error, 0 left on base; Hickory 4 - Charleston 5 |
| TOP OF THE 5TH |
|
Hickory Crawdads batting - Pitching for Charleston RiverDogs : RHP Mike Pickens
|
|
Batting: LHB Brian Gray
|
0-0: Ground out 6-3 (Groundball, 6, EV 86.2 MPH)
|
|
Batting: RHB Matthew Starr
|
0-0: Called Strike 0-1: Foul Ball, location: 2F 0-2: SOLO HOME RUN (Flyball, 78XD, EV 116.2 MPH), Distance : 464 ft
|
|
Pitching: LHP Alex Pulido
|
|
|
Batting: SHB Todd Hewitt
|
0-0: Ball 1-0: Ball 2-0: Swinging Strike 2-1: Foul Ball, location: 2F 2-2: Ball 3-2: Strikes out swinging
|
|
Batting: RHB Jarrod Joyce
|
0-0: Fly out, F4 (Popup, 34, EV 73.1 MPH)
|
| Top of the 5th over - 1 run, 1 hit, 0 errors, 0 left on base; Hickory 5 - Charleston 5 |
| BOTTOM OF THE 5TH |
|
Charleston RiverDogs batting - Pitching for Hickory Crawdads : RHP Alexander Neustroev
|
|
Batting: LHB Steve LeGrand
|
0-0: Swinging Strike 0-1: SINGLE (Groundball, 34D, EV 98.1 MPH)
|
|
Pitching: RHP Bill Tindall
|
|
|
Batting: LHB Dale Anderson
|
0-0: Ball 1-0: DOUBLE (Line Drive, 89D, EV 110.6 MPH) Steve LeGrand to third
|
|
Batting: RHB Jonathan Iniguez
|
0-0: Swinging Strike 0-1: Ball 1-1: Ball 2-1: Ball 3-1: Called Strike 3-2: Foul Ball, location: 2F 3-2: Foul Ball, location: 2F 3-2: Foul Ball, location: 2F 3-2: Ground out 5-3 (Groundball, 56, EV 80.0 MPH) Steve LeGrand scores
|
|
Batting: RHB Bill Nguyen-Tan
|
0-0: DOUBLE (Flyball, 8LXD, EV 91.9 MPH) Dale Anderson scores
|
|
Batting: RHB Mike Zern
|
0-0: Foul Ball, location: 2F 0-1: Ground out 4-3 (Groundball, 4M, EV 101.2 MPH) Bill Nguyen-Tan to third
|
|
Batting: RHB Nate Singleton
|
0-0: Ball 1-0: Foul Ball, location: 2F 1-1: Ball 2-1: Called Strike 2-2: Ball 3-2: DOUBLE (Line Drive, 7LM, EV 106.9 MPH) Bill Nguyen-Tan scores
|
|
Batting: RHB Bobby White
|
0-0: Foul Ball, location: 2F 0-1: Ball 1-1: Foul Ball, location: 2F 1-2: Strikes out looking
|
| Bottom of the 5th over - 3 runs, 4 hits, 0 errors, 1 left on base; Hickory 5 - Charleston 8 |
| TOP OF THE 6TH |
|
Hickory Crawdads batting - Pitching for Charleston RiverDogs : LHP Alex Pulido
|
|
Pinch Hitting: RHB Victor Moya
|
0-0: Called Strike 0-1: Ball 1-1: Ground out U3 (Groundball, 3, EV 86.9 MPH)
|
|
Pinch Hitting: RHB Dermott Neill
|
0-0: Foul Ball, location: 2F 0-1: Foul Ball, location: 2F 0-2: Foul Ball, location: 2F 0-2: Ball 1-2: Foul Ball, location: 2F 1-2: Fly out, F7 (Flyball, 7S, EV 88.8 MPH)
|
|
Batting: RHB Zach Thomason
|
0-0: Called Strike 0-1: Ground out 5-3 (Groundball, 56, EV 87.5 MPH)
|
| Top of the 6th over - 0 runs, 0 hits, 0 errors, 0 left on base; Hickory 5 - Charleston 8 |
| BOTTOM OF THE 6TH |
|
Charleston RiverDogs batting - Pitching for Hickory Crawdads : RHP Bill Tindall
|
|
Now at 1B: Victor Moya
|
|
|
Now in CF: Quido van Erp
|
|
|
Batting: LHB Justin O'Neal
|
0-0: Swinging Strike 0-1: Ground out 4-3 (Groundball, 4, EV 91.9 MPH)
|
|
Batting: SHB Corey Penson
|
0-0: Called Strike 0-1: Swinging Strike 0-2: Ball 1-2: Ball 2-2: Foul Ball, location: 2F 2-2: Strikes out swinging
|
|
Batting: LHB Steve LeGrand
|
0-0: Ball 1-0: Ball 2-0: Ball 3-0: Base on Balls
|
|
Batting: LHB Dale Anderson
|
0-0: Ball 1-0: Called Strike 1-1: Swinging Strike 1-2: Strikes out swinging
|
| Bottom of the 6th over - 0 runs, 0 hits, 0 errors, 1 left on base; Hickory 5 - Charleston 8 |
| TOP OF THE 7TH |
|
Hickory Crawdads batting - Pitching for Charleston RiverDogs : LHP Alex Pulido
|
|
Batting: RHB Dave Brabo
|
0-0: Ball 1-0: Ground out 6-3 (Groundball, 6, EV 89.4 MPH)
|
|
Batting: RHB Aaron Moore
|
0-0: Swinging Strike 0-1: Foul Ball, location: 2F 0-2: Ball 1-2: Foul Ball, location: 2F 1-2: Fly out, F9 (Line Drive, 9, EV 108.1 MPH)
|
|
Batting: LHB Brian Gray
|
0-0: Called Strike 0-1: Ball 1-1: Ball 2-1: Ball 3-1: Base on Balls
|
|
Batting: RHB Matthew Starr
|
0-0: Fly out, F9 (Flyball, 9LM, EV 75.0 MPH)
|
| Top of the 7th over - 0 runs, 0 hits, 0 errors, 1 left on base; Hickory 5 - Charleston 8 |
| BOTTOM OF THE 7TH |
|
Charleston RiverDogs batting - Pitching for Hickory Crawdads : RHP Bill Tindall
|
|
Pitching: RHP Errol Dondale
|
|
|
Batting: RHB Jonathan Iniguez
|
0-0: Ball 1-0: Ball 2-0: Ball 3-0: Called Strike 3-1: Fly out, F8 (Flyball, 8LD, EV 76.9 MPH)
|
|
Batting: RHB Bill Nguyen-Tan
|
0-0: Ground out 6-3 (Groundball, 6S, EV 78.1 MPH)
|
|
Batting: RHB Mike Zern
|
0-0: Foul Ball, location: 2F 0-1: Ground out 6-3 (Groundball, 6, EV 86.9 MPH)
|
| Bottom of the 7th over - 0 runs, 0 hits, 0 errors, 0 left on base; Hickory 5 - Charleston 8 |
| TOP OF THE 8TH |
|
Hickory Crawdads batting - Pitching for Charleston RiverDogs : LHP Alex Pulido
|
|
Pitching: LHP Cory Musial
|
|
|
Batting: SHB Todd Hewitt
|
0-0: Called Strike 0-1: Foul Ball, location: 2F 0-2: Foul Ball, location: 2F 0-2: Ball 1-2: Ball 2-2: Strikes out swinging
|
|
Batting: RHB Jarrod Joyce
|
0-0: Ball 1-0: Ball 2-0: Fly out, F8 (Flyball, 8LXD, EV 100.0 MPH)
|
|
Batting: RHB Victor Moya
|
0-0: Foul Ball, location: 2F 0-1: Called Strike 0-2: Foul Ball, location: 2F 0-2: Ball 1-2: Ball 2-2: Strikes out looking
|
| Top of the 8th over - 0 runs, 0 hits, 0 errors, 0 left on base; Hickory 5 - Charleston 8 |
| BOTTOM OF THE 8TH |
|
Charleston RiverDogs batting - Pitching for Hickory Crawdads : RHP Errol Dondale
|
|
Batting: RHB Nate Singleton
|
0-0: Ball 1-0: Swinging Strike 1-1: Swinging Strike 1-2: DOUBLE (Line Drive, 7LS, EV 104.4 MPH)
|
|
Batting: RHB Bobby White
|
0-0: Called Strike 0-1: Ball 1-1: Foul Ball, location: 2F 1-2: Ball 2-2: Foul Ball, location: 2F 2-2: Strikes out looking
|
|
Batting: LHB Justin O'Neal
|
0-0: Intentional Walk
|
|
Batting: SHB Corey Penson
|
0-0: Ball 1-0: Foul Ball, location: 2F 1-1: Ball 2-1: Called Strike 2-2: Strikes out swinging
|
|
Batting: LHB Steve LeGrand
|
0-0: Ball Wild Pitch! Nate Singleton to third Justin O'Neal to second 1-0: Called Strike 1-1: Swinging Strike 1-2: Strikes out swinging
|
| Bottom of the 8th over - 0 runs, 1 hit, 0 errors, 2 left on base; Hickory 5 - Charleston 8 |
| TOP OF THE 9TH |
|
Hickory Crawdads batting - Pitching for Charleston RiverDogs : LHP Cory Musial
|
|
Pitching: LHP Ferrie Werkhoven
|
|
|
Batting: SHB Quido van Erp
|
0-0: Foul Ball, location: 2F 0-1: Ball 1-1: Swinging Strike 1-2: Ball 2-2: Foul Ball, location: 2F 2-2: Foul Ball, location: 2F 2-2: Foul Ball, location: 2F 2-2: Strikes out swinging
|
|
Batting: RHB Zach Thomason
|
0-0: Foul Ball, location: 2F 0-1: Ball 1-1: Swinging Strike 1-2: Ball 2-2: Ball 3-2: Fly out, F8 (Flyball, 89M, EV 92.5 MPH)
|
|
Batting: RHB Dave Brabo
|
0-0: Ball 1-0: Swinging Strike 1-1: Ball 2-1: Foul Ball, location: 2F 2-2: Ball 3-2: Base on Balls
|
|
Batting: RHB Aaron Moore
|
0-0: Ball 1-0: Ball 2-0: Ball 3-0: Base on Balls Dave Brabo to second
|
|
Batting: LHB Brian Gray
|
0-0: Called Strike 0-1: Foul Ball, location: 2F 0-2: Ball 1-2: Ball 2-2: Strikes out swinging
|
| Top of the 9th over - 0 runs, 0 hits, 0 errors, 2 left on base; Hickory 5 - Charleston 8 |
|